AoeStats
← Wesesu

Black Forest

510958274Analyzed
4v4 RM · 15h ago on Oct 3, 2026· 53m 29s· 8 players
Game mode
Random Map
Map size
Large (8 player)
Population
200
Speed
Normal
Resources
Standard
Victory
Conquest
Starting age
Dark Age
Ending age
Imperial Age
RankedLock teamsTeams togetherTeam positionsShared explorationLock speedFull tech treeHidden civsTurbo modeCheats
Victory
Defeat
🇨🇳 Franks · China
848
+11
🇮🇩 Britons · Indonesia
805
+13
743
+15
🇲🇽 Mongols · Mexico
710
+17
🇨🇳 Hindustanis · China
872
-19
🇨🇱 Romans · Chile
826
-48
🇦🇺 Celts · Australia
697
-13
🇨🇱 Poles · Chile
520
-7
爱蜜莉娅天使来到我身边
12:03 Feudal Age
12:53 Loom
15:40 Castle Age
14:00 Double-Bit Axe
18:36 Loom
19:10 Horse Collar
21:25 Wheelbarrow
20:35 Loom
25:14 Heavy Plow
26:33 Hand Cart
29:28 Town Watch
29:29 Loom
29:59 Gold Mining
30:04 Stone Mining
30:27 Bow Saw
33:57 Imperial Age
32:11 Gold Shaft Mining
32:16 Stone Shaft Mining
32:48 Forging
32:44 Scale Barding Armor
32:30 Fletching
32:40 Padded Archer Armor
32:46 Treadmill Crane
33:13 Siege Engineers
33:34 Ballistics
35:26 Conscription
37:05 Elite Iron Pagoda
37:54 Fortified Bastions
38:41 Iron Casting
38:27 Chain Barding Armor
38:04 Bodkin Arrow
38:25 Crossbowman
39:40 Heavy Cavalry Archer
43:04 Blast Furnace
42:40 Plate Barding Armor
42:08 Bracer
42:24 Leather Archer Armor
43:39 Hoardings
44:23 Chemistry
43:38 Masonry
47:09 Capped Ram
TWT
2:18 Loom
12:27 Feudal Age
16:52 Castle Age
14:54 Horse Collar
15:04 Double-Bit Axe
15:32 Stone Mining
15:59 Gold Mining
20:03 Wheelbarrow
23:32 Bow Saw
26:59 Hand Cart
26:54 Fletching
34:16 Imperial Age
33:32 Padded Archer Armor
33:28 Bodkin Arrow
33:44 Forging
33:34 Scale Mail Armor
33:40 Scale Barding Armor
33:38 Nomads
35:27 Gold Shaft Mining
36:01 Chemistry
36:12 Conscription
36:44 Stone Shaft Mining
36:30 Heavy Plow
36:10 Elite Steppe Lancer
36:57 Bracer
37:14 Leather Archer Armor
37:39 Drill
38:20 Ballistics
38:15 Bloodlines
37:26 Light Cavalry
41:48 Hussar
42:31 Husbandry
43:09 Chain Mail Armor
43:29 Iron Casting
43:32 Caravan
46:44 Elite Mangudai
50:45 Fortified Wall
50:31 Murder Holes
50:47 Masonry
50:43 Siege Engineers
995549007
0:33 Loom
14:29 Feudal Age
20:28 Castle Age
19:29 Double-Bit Axe
22:01 Bow Saw
29:50 Gold Mining
33:33 Imperial Age
31:39 Wheelbarrow
32:26 Forging
32:21 Scale Barding Armor
33:17 Caravan
34:00 Iron Casting
33:45 Chain Barding Armor
33:38 Squires
33:25 Gambesons
33:30 Arson
33:07 Pikeman
34:08 Husbandry
33:37 Cavalier
35:48 Gold Shaft Mining
35:28 Chivalry
35:49 Conscription
35:44 Chivalry
36:05 Conscription
36:54 Blast Furnace
36:30 Plate Barding Armor
35:55 Paladin
38:23 Halberdier
40:16 Scale Mail Armor
40:07 Fletching
40:20 Padded Archer Armor
42:20 Chemistry
41:41 Ballistics
41:02 Treadmill Crane
44:59 Chain Mail Armor
47:23 Plate Mail Armor
Donald Trump
0:30 Loom
11:33 Feudal Age
17:15 Castle Age
15:05 Double-Bit Axe
16:51 Stone Mining
20:59 Horse Collar
22:50 Bow Saw
24:20 Heavy Plow
29:11 Wheelbarrow
33:47 Imperial Age
32:14 Pikeman
32:57 Squires
33:19 Padded Archer Armor
33:10 Fletching
34:11 Gold Mining
34:46 Leather Archer Armor
34:46 Fortified Wall
34:18 Treadmill Crane
34:52 Masonry
36:36 Hand Cart
38:35 Arson
39:57 Chemistry
39:40 Ballistics
40:07 Caravan
40:37 Coinage
40:38 Elite Longbowman
42:07 Guilds
42:25 Halberdier
44:20 Banking
44:34 Conscription
47:24 Hoardings
52:41 Ring Archer Armor
52:07 Bodkin Arrow
SLIIMSYice
0:37 Loom
12:52 Feudal Age
13:34 Double-Bit Axe
13:31 Horse Collar
19:32 Castle Age
21:08 Bow Saw
33:15 Fortified Wall
38:32 Imperial Age
36:01 Gold Mining
36:05 Stone Mining
36:18 Caravan
36:49 Coinage
37:39 Masonry
39:27 Gold Shaft Mining
40:00 Conscription
40:16 Hoardings
41:25 Furor Celtica
41:55 Banking
42:27 Elite Woad Raider
45:00 Forging
44:51 Scale Mail Armor
46:33 Guilds
48:19 Iron Casting
48:00 Chain Mail Armor
48:59 Capped Ram
Wesesu
16:48 Feudal Age
20:32 Wheelbarrow
21:07 Horse Collar
21:21 Stone Mining
21:23 Gold Mining
20:55 Man-at-Arms
27:55 Castle Age
26:48 Bloodlines
30:00 Hand Cart
30:06 Husbandry
30:12 Double-Bit Axe
31:06 Gold Shaft Mining
30:43 Caravan
31:14 Coinage
35:44 Imperial Age
36:49 Imperial Age
35:07 Ballistas
34:26 Long Swordsman
34:28 Light Cavalry
35:50 Padded Archer Armor
35:51 Scale Mail Armor
35:58 Scale Barding Armor
36:05 Forging
35:45 Fletching
38:06 Ballistics
39:06 Legionary
39:07 Pikeman
39:47 Squires
39:09 Elite Centurion
42:04 Guilds
42:27 Banking
44:45 Guard Tower
44:56 Murder Holes
45:13 Siege Engineers
46:17 Conscription
46:58 Heavy Scorpion
Kaizen
5:50 Loom
11:24 Feudal Age
16:01 Double-Bit Axe
21:40 Castle Age
19:28 Horse Collar
21:01 Bloodlines
22:34 Wheelbarrow
23:17 Bow Saw
23:03 Light Cavalry
24:10 Heavy Plow
24:25 Forging
25:01 Scale Barding Armor
27:26 Hand Cart
27:09 Gold Mining
28:09 Iron Casting
27:55 Chain Barding Armor
29:32 Stone Mining
30:39 Treadmill Crane
33:44 Imperial Age
31:25 Husbandry
33:54 Winged Hussar
36:02 Conscription
36:11 Capped Ram
37:47 Lechitic Legacy
39:37 Blast Furnace
40:35 Chemistry
40:38 Crop Rotation
43:40 Fortified Wall
美少女王兔
5:27 Loom
11:28 Feudal Age
15:59 Castle Age
14:33 Double-Bit Axe
14:32 Horse Collar
17:17 Bow Saw
17:10 Heavy Plow
22:26 Wheelbarrow
22:56 Gold Mining
23:59 Hand Cart
26:26 Gold Shaft Mining
25:47 Stone Mining
26:48 Scale Barding Armor
26:44 Scale Mail Armor
31:06 Imperial Age
29:03 Chain Barding Armor
28:58 Chain Mail Armor
28:54 Forging
29:50 Bloodlines
29:41 Husbandry
31:26 Stone Shaft Mining
31:16 Heavy Camel Rider
31:27 Heavy Camel Rider
32:45 Plate Barding Armor
32:47 Iron Casting
32:36 Conscription
32:19 Grand Trunk Road
33:08 Elite Ghulam
36:47 Blast Furnace
36:57 Two-Man Saw
35:35 Imperial Camel Rider
45:08 Thumb Ring
45:05 Elite Skirmisher
47:51 Chemistry
47:38 Siege Elephant
49:54 Padded Archer Armor
49:45 Fletching
Connection lost

Rejoining the realm…

Still unreachable

The connection could not be restored.

Session expired

The server has moved on; the page needs a fresh start.